 Dungeon Crawl Stone Soup version 0.25-a0-589-g1e14c54 (webtiles) character file.

Game seed: 16992722123571424672, levelgen mode: deterministic

3382 BlueFish the Carver (level 9, -4/81 HPs)
             Began as a Minotaur Fighter on Mar 9, 2020.
             Was an Initiate of Gozag.
             Killed from afar by a killer bee (27 damage)
             ... with an exploding inner flame
             ... hexed by the player character
             ... on level 8 of the Dungeon.
             The game lasted 00:10:23 (6919 turns).

BlueFish the Carver (Minotaur Fighter)              Turns: 6919, Time: 00:10:24

Health: -4/81      AC: 11    Str: 20    XL:     9   Next: 74%
Magic:  8/8        EV: 12    Int:  5    God:    Gozag
Gold:   670        SH:  5    Dex: 14    Spells: 8/8 levels left

rFire    . . .     SeeInvis .   y - +0 falchion
rCold    . . .     Gourm    .   z - +0 buckler
rNeg     . . .     Faith    .   b - +1 scale mail
rPois    +         Spirit   .   (helmet restricted)
rElec    .         Reflect  .   (no cloak)
rCorr    .         Harm     .   (no gloves)
MR       .....                  (no boots)
Stlth    ..........             E - amulet of rage
HPRegen  0.23/turn              q - +2 ring of protection
MPRegen  0.11/turn              H - ring of poison resistance

@: gold aura
A: retaliatory headbutt, horns 2
a: Potion Petition, Call Merchant, Bribe Branch, Renounce Religion, Evoke
Berserk Rage


You were on level 8 of the Dungeon.
You worshipped Gozag.
Gozag was pleased with you.
You were not hungry.

You visited 2 branches of the dungeon, and saw 9 of its levels.

You collected 876 gold pieces.
You spent 103 gold pieces at shops.
You paid 103 gold pieces to Gozag.

Inventory:

Hand Weapons
 a - a +0 long sword
 p - a cursed -3 dagger
 y - a +0 falchion (weapon)
Armour
 b - a +1 scale mail (worn)
 c - a +0 kite shield
 z - a +0 buckler (worn)
 F - a +0 cloak
Jewellery
 q - a +2 ring of protection (left hand)
 E - an amulet of rage (around neck)
 H - a ring of poison resistance (right hand)
 I - a cursed ring of teleportation {unknown}
Wands
 i - a wand of flame (11)
 r - a wand of acid (9)
Scrolls
 e - a scroll of enchant armour
 k - 8 scrolls of teleportation
 o - a scroll of magic mapping
 s - 3 scrolls of remove curse
 v - 2 scrolls of amnesia
 x - a scroll of fog
 B - 3 scrolls of identify
 C - 4 scrolls of fear
Potions
 d - a potion of might
 g - 4 potions of heal wounds
 h - 2 potions of berserk rage
 j - a potion of brilliance
 l - a potion of mutation
 m - 4 potions of curing
 n - a potion of lignification
 t - a potion of resistance
 u - 2 potions of flight
 D - a potion of cancellation {unknown}
Comestibles
 f - 11 rations


   Skills:
 * Level 7.8 Fighting
 * Level 10.7 Long Blades
 * Level 9.5 Armour
 + Level 3.4 Dodging
 * Level 6.0 Shields


You had 8 spell levels left.
You didn't know any spells.
Your spell library contained the following spells:

 Spells                   Type           Power        Failure   Level  Hunger
 Corona                   Hex            #......      78%         1    ##.....
 Sandblast                Erth           #.....       78%         1    ##.....
 Ensorcelled Hibernation  Hex/Ice        #.....       89%         2    ###....
 Passwall                 Tmut/Erth      #.......     89%         2    ###....
 Confusing Touch          Hex            #.......     98%         3    ####...
 Dazzling Flash           Conj/Hex       #.....       98%         3    ####...
 Stone Arrow              Conj/Erth      #.....       98%         3    ####...
 Tukima's Dance           Hex            #.......     98%         3    ####...
 Petrify                  Tmut/Erth      #.......     100%        4    #####..
 Lee's Rapid Deconstruct  Erth           #.........   100%        5    ######.


Dungeon Overview and Level Annotations

Branches:
Dungeon (8/15)             Temple (1/1) D:6
   Lair: D:8-11

Altars:
Ashenzari
Cheibriados
Dithmenos
Elyvilon
Fedhas
Gozag
Hepliaklqana
Kikubaaqudgha
Makhleb
Nemelex Xobeh
Okawaru
Qazlal
Ru
Trog
Uskayaw
Vehumet
Wu Jian
Yredelemnul

Shops:
D:4 (   D:5 :*%[[   D:6 [


Innate Abilities, Weirdness & Mutations

You reflexively headbutt those who attack you in melee.
You have a pair of horns on your head.


Message History

The fiery explosion engulfs your ogre!!!
You kill your ogre!
Your ogre's corpse dissolves into shadows!
Your phantom blinks!
You hear an angry buzzing noise. x4; You hear a screech!
Your crimson imp hits the killer bee but does no damage.
Your phantom closely misses the killer bee.
Your phantom barely misses the killer bee.
The killer bee stings you.
* * * LOW HITPOINT WARNING * * *
Found a ration.
You feel much better. The killer bee stings you.
* * * LOW HITPOINT WARNING * * *
Your phantom blinks!
The killer bee barely misses you. You furiously retaliate!
You headbutt the killer bee!
The killer bee explodes!
The fiery explosion engulfs you!!
You die...
Your body crumbles into a pile of gold.

# ### #% .. ##.
##.# #..##..
##.....### ##
#....§§§.####.###
#..@§§§5..#.$.###
#####§....W......
#####........
#........
###........
######..........
#.........)....#
.............###
.......#..####


You could see a friendly phantom and a friendly crimson imp.

Vanquished Creatures
  A two-headed ogre (D:5)
  A vampire mosquito (D:7)
  A soldier ant (D:7)
  3 sky beasts
  A phantom (D:6)
  3 ice beasts
  5 centaurs
  2 ogres (D:7)
  A bullfrog (D:5)
  A wyvern skeleton (D:7)
  3 scorpions
  A wight (D:7)
  5 crimson imps
  2 bullfrog zombies
  2 centaur zombies
  4 hounds
  An orc priest (D:3)
  3 jellies
  A bullfrog skeleton (D:5)
  A centaur skeleton (D:5)
  3 orc wizards
  A worker ant (D:6)
  A killer bee zombie (D:7)
  2 hound zombies
  A howler monkey zombie (D:6)
  4 gnolls (D:7)
  5 adders
  2 shadow imps (D:5)
  An adder zombie (D:8)
  4 worms
  3 leopard geckos
  21 orcs
  A ball python (D:3)
  8 bats
  7 giant cockroaches
  12 hobgoblins
  13 jackals
  3 quokkas
  5 frilled lizards
  7 goblins
  A jackal skeleton (D:5)
  9 kobolds
  3 rats
  A spectral orc (D:7)
160 creatures vanquished.

Notes
Turn   | Place    | Note
-------+----------+-------------------------------------------
     0 | D:1      | BlueFish the Minotaur Fighter began the quest for the Orb.
     0 | D:1      | Reached XP level 1. HP: 19/19 MP: 0/0
   102 | D:1      | Reached XP level 2. HP: 27/27 MP: 1/1
   269 | D:1      | Reached XP level 3. HP: 31/33 MP: 2/2
   309 | D:1      | Reached skill level 3 in Long Blades
   634 | D:2      | Found a white marble altar of Elyvilon.
   940 | D:2      | Reached XP level 4. HP: 39/41 MP: 3/3
  1137 | D:2      | Found a faded altar of an unknown god.
  1454 | D:3      | Reached skill level 4 in Long Blades
  1633 | D:3      | Found a hazy altar of Hepliaklqana.
  1722 | D:3      | Found an ancient bone altar of Kikubaaqudgha.
  1757 | D:3      | Reached XP level 5. HP: 47/47 MP: 4/4
  2029 | D:3      | Reached skill level 5 in Armour
  2244 | D:4      | Reached skill level 5 in Long Blades
  2490 | D:4      | Found a shattered altar of Ashenzari.
  2490 | D:4      | Found Tuqoem's Weapon Emporium.
  2518 | D:4      | Noticed a sky beast
  2529 | D:4      | Killed a sky beast
  2529 | D:4      | Reached skill level 1 in Dodging
  2529 | D:4      | Reached XP level 6. HP: 40/55 MP: 5/5
  2685 | D:4      | Reached skill level 5 in Fighting
  2698 | D:4      | Reached skill level 6 in Long Blades
  3009 | D:4      | Reached XP level 7. HP: 53/61 MP: 6/6
  3058 | D:4      | Noticed a water elemental
  3064 | D:4      | Found a stormy altar of Qazlal.
  3066 | D:4      | Noticed a fire elemental
  3159 | D:4      | Noticed an air elemental
  3258 | D:5      | Entered Level 5 of the Dungeon
  3269 | D:5      | Found Terun's General Store.
  3288 | D:5      | Found Zosiaff's Book Boutique.
  3293 | D:5      | Bought a scroll of magic mapping for 49 gold pieces
  3330 | D:5      | Found Gech's Antique Armour Shoppe.
  3350 | D:5      | Reached skill level 7 in Long Blades
  3389 | D:5      | Found Boajuxog's Food Shop.
  3446 | D:5      | Found Ali Qusi's Armour Emporium.
  3454 | D:5      | Bought a +0 buckler for 54 gold pieces
  3732 | D:5      | Reached XP level 8. HP: 48/70 MP: 7/7
  3833 | D:6      | Found a staircase to the Ecumenical Temple.
  3908 | Temple   | Entered the Ecumenical Temple
  4035 | Temple   | Became a worshipper of Gozag Ym Sagoz the Greedy
  4088 | D:6      | Noticed a two-headed ogre
  4116 | D:5      | Reached skill level 8 in Long Blades
  4883 | D:6      | Found a shadowy altar of Dithmenos.
  4982 | D:6      | Found Tediqoaw's Antique Armour Shop.
  5234 | D:6      | Reached skill level 9 in Long Blades
  5245 | D:6      | Found an ornate altar of the Wu Jian Council.
  5619 | D:5      | Killed a two-headed ogre
  5619 | D:5      | Reached skill level 10 in Long Blades
  5619 | D:5      | Reached skill level 5 in Shields
  5619 | D:5      | Reached XP level 9. HP: 14/79 MP: 8/8
  6057 | D:7      | Found a blossoming altar of Fedhas.
  6208 | D:7      | Found a transporter.
  6225 | D:7      | Found a transporter.
  6423 | D:7      | Found a basalt altar of Yredelemnul.
  6919 | D:8      | Killed from afar by a killer bee

Levels and vault maps discovered:
D:1:      minmay_arrival_hallway, layout_basic
D:2:      layout_basic, elyvilon_altar_5, serial_rivers,
          chequers_serial_rivers_micro_c, chequers_serial_rivers_room_a,
          chequers_serial_rivers_room_b, chequers_serial_rivers_micro_b,
          chequers_ecumenical_altar_simple_redux
D:3:      layout_loops_cross, nicolae_overflow_crystal_walls,
          lemuel_round_altar, first_ration
D:4:      layout_basic, nicolae_qazlal_style_of_elements,
          overflow_temple_1_default, serial_shops, nicolae_shop_waterfront
D:5:      layout_rooms, serial_shops, kennysheep_little_box, shop,
          nicolae_shop_temple_entry_statues_fountains, shop,
          nicolae_shop_temple_entry_statues_fountains
D:6:      layout_rooms, overflow_temple_1_default, grunt_dithmenos_shadows,
          lemuel_temple_firewalk_a, serial_shops, shop
D:7:      gammafunk_the_bubble [the_bubble_gammafunk_plus_minus], layout_rooms,
          nicolae_overflow_hidden_temple, yredelemnul_forgotten_temple_becter,
          fedhas_bush_and_centaur_altar, grunt_ogre_cave
D:8:      minmay_skewed_foursquare, layout_cave_pods, enter_ossuary_2,
          nrook_campfire
Temple:   nicolae_temple_figure_zero

Skill      XL: |  1  2  3  4  5  6  7  8  9 |
---------------+----------------------------+-----
Armour         | 4 5 6 7 8 9 |  9.5
Fighting       | 4 5 7 |  7.8
Long Blades    | 3 4 5 6 7 10 | 10.7
Dodging        | 1 2 3 |  3.4
Shields        | 4 5 6 |  6.0

Action                   |  1- 3 |  4- 6 |  7- 9 || total
-------------------------+-------+-------+-------++-------
Melee: Long sword        |    75 |   121 |       ||   196
       Headbutt          |    13 |    30 |    92 ||   135
       Falchion          |       |    14 |   294 ||   308
  Use: Scroll            |     3 |     9 |     6 ||    18
       Potion            |     1 |       |     2 ||     3
 Stab: Distracted        |       |       |     1 ||     1
  Eat: Chunk             |       |     7 |     2 ||     9
       Ration            |       |       |     3 ||     3
Armor: Scale mail        |    30 |    62 |    98 ||   190
Dodge: Dodged            |    59 |    74 |   156 ||   289
Block: Buckler           |       |       |    60 ||    60
       Rpst.: Long sword |    12 |    18 |       ||    30
       Falchion          |       |       |    49 ||    49

Table legend:
 A = Non-vault XP
 B = Vault XP
 C = Vault XP percentage of total XP
 D = Non-vault monster count
 E = Vault monster count
 F = Vault count percentage of total count
                 A         B        C        D         E       F
            +---------+---------+-------+---------+---------+-------
      Total |    3784 |    1048 |  21.7 |     144 |      16 |  10.0
            +---------+---------+-------+---------+---------+-------
        D:1 |      53 |       0 |   0.0 |      30 |       0 |   0.0
        D:2 |      50 |       0 |   0.0 |      16 |       0 |   0.0
        D:3 |     163 |       0 |   0.0 |      34 |       0 |   0.0
        D:4 |     507 |       0 |   0.0 |      16 |       0 |   0.0
        D:5 |    1790 |       0 |   0.0 |      19 |       0 |   0.0
        D:6 |     843 |     125 |  12.9 |      19 |       1 |   5.0
        D:7 |     373 |     923 |  71.2 |       9 |      15 |  62.5
        D:8 |       5 |       0 |   0.0 |       1 |       0 |   0.0
            +---------+---------+-------+---------+---------+-------
